 Dungeon Crawl Stone Soup version 0.24-a0-507-g3e8b242632 (webtiles) character file.

Game seed: 9904714319966055001

59 Gynju the Shooter (level 3, -1/43 HPs)
             Began as a Centaur Arcane Marksman on July 19, 2019.
             Succumbed to an adder's poison
             ... on level 2 of the Dungeon.
             The game lasted 00:02:31 (1815 turns).

Gynju the Shooter (Centaur Arcane Marksman)         Turns: 1815, Time: 00:02:32

Health: -1/43      AC:  4    Str: 17    XL:     3   Next: 78%
Magic:  3/5        EV: 10    Int: 13    God:
Gold:   75         SH:  0    Dex:  9    Spells: 3/4 levels left

rFire    . . .     SeeInvis .   b - +0 short sword
rCold    . . .     Gourm    .   (no shield)
rNeg     . . .     Faith    .   e - +0 robe
rPois    .         Spirit   .   (no helmet)
rElec    .         Reflect  .   (no cloak)
rCorr    .         Harm     .   (no gloves)
MR       .....                  (no barding)
Stlth    ..........             (no amulet)
HPRegen  0.14/turn              (no ring)
MPRegen  0.09/turn              (no ring)

@: berserking, lethally poisoned (-1 -> -13), very quick
A: large, hooves 3, deformed body, speed 2, tough skin 3
a: no special abilities


You were on level 2 of the Dungeon.
You were not hungry.

You visited 1 branch of the dungeon, and saw 2 of its levels.

You collected 75 gold pieces.

Inventory:

Hand Weapons
 a - a +0 shortbow
 b - a +0 short sword (weapon)
Missiles
 d - 37 arrows
Armour
 e - a +0 robe (worn)
Jewellery
 h - a +5 ring of strength {unknown}
 j - an uncursed ring of fire {unknown}
Scrolls
 c - 2 scrolls of identify {unknown}
 g - a scroll of remove curse {unknown}
 k - a scroll of teleportation {unknown}
Potions
 i - a potion of resistance {unknown}
 l - a potion of berserk rage
Comestibles
 f - 5 rations
 m - 2 chunks of flesh


   Skills:
 + Level 1.9 Fighting
 + Level 3.6 Bows
 + Level 1.9 Dodging
 + Level 1.3 Spellcasting
 + Level 3.0 Hexes


You had 3 spell levels left.
You knew the following spells:

 Your Spells              Type           Power        Failure   Level  Hunger
a - Corona                Hex            #......      8%          1    ##.....

Your spell library contained the following spells:

 Spells                   Type           Power        Failure   Level  Hunger
 Slow                     Hex            #.......     12%         2    ###....
 Inner Flame              Hex/Fire       #.......     41%         3    ####...
 Portal Projectile        Hex/Tloc       #.....       41%         3    ####...
 Cause Fear               Hex            #.........   61%         4    #####..
 Leda's Liquefaction      Hex/Erth       #.........   82%         4    #####..


Dungeon Overview and Level Annotations

Branches:
Dungeon (2/15)

Altars:


Innate Abilities, Weirdness & Mutations

You have hooves in place of feet.
Armour fits poorly on your strangely shaped body.
You cover ground very quickly.
You have extremely tough skin. (AC +3)


Message History

* * * LOW HITPOINT WARNING * * *
The rat twitches its whiskers.
You barely miss the adder.
The adder is heavily wounded.
* * * LOW HITPOINT WARNING * * *
You feel sick. The adder closely misses you.
The adder bites you but does no damage.
You hit the adder.
You kill the adder!
Your Hexes skill increases to level 3!
* * * LOW HITPOINT WARNING * * *
You feel sick.
You hit the rat but do no damage. You kick the rat.
You kill the rat!
* * * LOW HITPOINT WARNING * * *
You feel sick.
It was a potion of berserk rage.
A red film seems to cover your vision as you go berserk!
You feel yourself moving faster!
You feel mighty!
You die...

.. .## ... ..# # #.#.#
#.###.#.# #....)..#
#†######. ########
#@.......
#......####.####.#. .
#.#......##.###.##. .
######.#.##.#.##........ .
.........#.......###.#>..#
# ######.###..#.##.# .....
# #.###....##.# #...# #
######.÷.....###.# #...#
## ...............#.#
#...# ##.


There were no monsters in sight!

Vanquished Creatures
  3 adders
  A ball python (D:1)
  A giant cockroach (D:2)
  6 goblins
  4 hobgoblins
  4 kobolds
  5 bats
  2 frilled lizards (D:2)
  7 rats
33 creatures vanquished.

Notes
Turn   | Place    | Note
-------+----------+-------------------------------------------
     0 | D:1      | Gynju the Centaur Arcane Marksman began the quest for the
                  | Orb.
     0 | D:1      | Reached XP level 1. HP: 16/16 MP: 2/2
   522 | D:1      | Reached XP level 2. HP: 23/23 MP: 3/3
  1325 | D:2      | Reached XP level 3. HP: 24/29 MP: 2/4
  1814 | D:2      | HP: 1/29 [poisoned by an adder]
  1815 | D:2      | Succumbed to an adder's poison

Levels and vault maps discovered:
D:1:      tarquinn_simple_flora_water_d, layout_basic, wad_floor_pattern_2
D:2:      layout_loops_cross, uniq_crazy_yiuf_cottage

Skill      XL: |  1  2  3 |
---------------+----------+-----
Bows           | 3 |  3.6
Hexes          | 3 |  3.0
Fighting       | |  1.9
Dodging        | |  1.9
Spellcasting   | |  1.3

Action                   || total
-------------------------++-------
Melee: Short sword       ||   105
       Unarmed           ||    10
       Kick              ||    14
 Fire: Shortbow          ||     1
 Cast: Corona            ||     6
  Use: Potion            ||     1
  Eat: Chunk             ||     2
Armor: Robe              ||    55
Dodge: Dodged            ||    68

Table legend:
 A = Non-vault XP
 B = Vault XP
 C = Vault XP percentage of total XP
 D = Non-vault monster count
 E = Vault monster count
 F = Vault count percentage of total count
                 A         B        C        D         E       F
            +---------+---------+-------+---------+---------+-------
      Total |      85 |       0 |   0.0 |      33 |       0 |   0.0
            +---------+---------+-------+---------+---------+-------
        D:1 |      39 |       0 |   0.0 |      18 |       0 |   0.0
        D:2 |      46 |       0 |   0.0 |      15 |       0 |   0.0
            +---------+---------+-------+---------+---------+-------
